AoeStats
← ALIKOG_IR

Golden Pit

507454538Analyzed
1v1 RM · 14d ago on Sep 18, 2026· 32m 45s· 2 players
Game mode
Random Map
Map size
Tiny (2 player)
Population
200
Speed
Normal
Resources
Standard
Victory
Conquest
Starting age
Dark Age
Ending age
Imperial Age
RankedLock teamsTeams togetherTeam positionsShared explorationLock speedFull tech treeHidden civsTurbo modeCheats
Victory
Defeat
🇹🇷 Vikings · Türkiye
1351
+18
🇦🇷 Lithuanians · Argentina
1400
-18
yokmen
7:15 Loom
9:51 Feudal Age
11:01 Man-at-Arms
12:14 Double-Bit Axe
17:41 Town Watch
18:16 Fletching
22:29 Castle Age
21:38 Gold Mining
23:35 Bodkin Arrow
23:01 Crossbowman
24:09 Bow Saw
26:04 Padded Archer Armor
27:59 Horse Collar
ALIKOG_IR
6:17 Loom
8:54 Feudal Age
9:38 Double-Bit Axe
12:15 Horse Collar
16:41 Fletching
20:07 Forging
23:08 Castle Age
23:19 Padded Archer Armor
23:09 Elite Skirmisher
23:52 Bodkin Arrow
Connection lost

Rejoining the realm…

Still unreachable

The connection could not be restored.

Session expired

The server has moved on; the page needs a fresh start.